SR
LADUE RAMS @ SURPRISE SHOCKERS
09/13/2038
 
TOP OF THE 1ST
Ladue Rams batting - Pitching for Surprise Shockers : RHP Jorge Bigro
Pitching: RHP Jorge Bigro
Batting: RHB Yong-hong Ren 0-0: SINGLE (Flyball, 34D, EV 93.1 MPH)
Batting: RHB Bobby Norris 0-0: Called Strike
0-1: Ball
1-1: Foul Ball, location: 2F
1-2: Fly out, F8 (Line Drive, 8LD, EV 88.8 MPH)
Batting: SHB Diego Alejandro Secada 0-0: Ball
1-0: Ball
2-0: Foul Ball, location: 2F
2-1: Ball
3-1: Foul Ball, location: 2F
3-2: SINGLE (Line Drive, 4D, EV 94.4 MPH)
Yong-hong Ren to second
Yong-hong Ren to third
Batting: LHB You-liang Yang 0-0: Ball
1-0: Swinging Strike
1-1: Called Strike
1-2: Foul Ball, location: 2F
1-2: Foul Ball, location: 2F
1-2: Ball
2-2: Fielders Choice at 2nd, 4-6 (Groundball, 4S, EV 81.9 MPH)
Yong-hong Ren scores
Batting: RHB Jaime Burgos 0-0: Ball
1-0: Ball
2-0: Swinging Strike
2-1: Called Strike
2-2: Ground out 5-3 (Groundball, 56S, EV 80.0 MPH)
Top of the 1st over - 1 run, 2 hits, 0 errors, 1 left on base; Ladue 1 - Surprise 0
BOTTOM OF THE 1ST
Surprise Shockers batting - Pitching for Ladue Rams : RHP Jiao-long Yuen
Pitching: RHP Jiao-long Yuen
Batting: RHB Hamid Rutu 0-0: Called Strike
0-1: Called Strike
0-2: Ball
1-2: Fly out, F8 (Flyball, 8RD, EV 98.8 MPH)
Batting: RHB Ricardo Cantú 0-0: Swinging Strike
0-1: Swinging Strike
0-2: Ball
1-2: Foul Ball, location: 2F
1-2: Ball
2-2: Strikes out swinging
Batting: RHB Ernest Lesley 0-0: SINGLE (Line Drive, 9LS, EV 103.8 MPH)
Batting: RHB Charley Foijens 0-0: Ball
1-0: Ball
2-0: Ball
3-0: Called Strike
3-1: Foul Ball, location: 2F
3-2: Ground out 6-3 (Groundball, 6, EV 84.4 MPH)
Bottom of the 1st over - 0 runs, 1 hit, 0 errors, 1 left on base; Ladue 1 - Surprise 0
TOP OF THE 2ND
Ladue Rams batting - Pitching for Surprise Shockers : RHP Jorge Bigro
Batting: RHB Allan Callejo 0-0: Ball
1-0: Swinging Strike
1-1: Fly out, F6 (Popup, 6MD, EV 70.0 MPH)
Batting: RHB Bastien Oudin 0-0: Ball
1-0: Ground out 6-3 (Groundball, 6S, EV 85.6 MPH)
Batting: RHB Justin Strong 0-0: Called Strike
0-1: Ball
1-1: SINGLE (Popup, 6D, EV 55.6 MPH)
Batting: LHB Pedro Marrero 0-0: Foul Ball, location: 2F
0-1: Ball
1-1: Ball
2-1: Ball
3-1: Foul Ball, location: 2F
3-2: Strikes out looking
Top of the 2nd over - 0 runs, 1 hit, 0 errors, 1 left on base; Ladue 1 - Surprise 0
BOTTOM OF THE 2ND
Surprise Shockers batting - Pitching for Ladue Rams : RHP Jiao-long Yuen
Batting: SHB Spencer Maddox 0-0: Called Strike
0-1: Ball
1-1: Foul Ball, location: 2F
1-2: Ball
2-2: Strikes out swinging
Batting: RHB Edgar López 0-0: Ball
1-0: Ball
2-0: Foul Ball, location: 2F
2-1: Ground out 6-3 (Groundball, 6, EV 86.9 MPH)
Batting: RHB Bob Byrd 0-0: Called Strike
0-1: Swinging Strike
0-2: Foul Ball, location: 2F
0-2: Ball
1-2: Strikes out swinging
Bottom of the 2nd over - 0 runs, 0 hits, 0 errors, 0 left on base; Ladue 1 - Surprise 0
TOP OF THE 3RD
Ladue Rams batting - Pitching for Surprise Shockers : RHP Jorge Bigro
Batting: RHB Yong-hong Ren 0-0: Ball
1-0: Ball
2-0: SINGLE (Groundball, 3S, EV 72.5 MPH) (infield hit)
Batting: RHB Bobby Norris 0-0: Called Strike
0-1: Swinging Strike
0-2: Ball
1-2: Strikes out swinging
Batting: SHB Diego Alejandro Secada 0-0: Ball
1-0: Swinging Strike
1-1: Foul Ball, location: 2F
1-2: Ball
2-2: DOUBLE (Line Drive, 89D, EV 101.9 MPH)
Yong-hong Ren to third
Batting: LHB You-liang Yang 0-0: Ball
1-0: Called Strike
1-1: Ball
2-1: 3-RUN HOME RUN (Flyball, 9D, EV 101.9 MPH), Distance : 362 ft
Batting: RHB Jaime Burgos 0-0: Foul Ball, location: 2F
0-1: Foul Ball, location: 2F
0-2: Ball
1-2: Ball
2-2: Ball
3-2: Foul Ball, location: 2F
3-2: SOLO HOME RUN (Flyball, 78XD, EV 109.4 MPH), Distance : 406 ft
Batting: RHB Allan Callejo 0-0: Ball
1-0: Ball
2-0: Ball
3-0: Base on Balls
Batting: RHB Bastien Oudin 0-0: Ball
1-0: Ball
2-0: SINGLE (Groundball, 4D, EV 95.0 MPH)
Allan Callejo to second
Runner from 2nd tries for 3rd, SAFE, throw by CF made to third
Batting: RHB Justin Strong 0-0: Swinging Strike
0-1: Called Strike
0-2: Ball
1-2: Ball
2-2: Foul Ball, location: 2F
2-2: Strikes out swinging
Batting: LHB Pedro Marrero 0-0: Ball
1-0: Ball
2-0: Called Strike
2-1: Fly out, F8 (Flyball, 89D, EV 99.4 MPH)
Top of the 3rd over - 4 runs, 5 hits, 0 errors, 2 left on base; Ladue 5 - Surprise 0
BOTTOM OF THE 3RD
Surprise Shockers batting - Pitching for Ladue Rams : RHP Jiao-long Yuen
Batting: RHB Jorge Miralles 0-0: Ball
1-0: SINGLE (Groundball, 34S, EV 68.8 MPH) (infield hit)
Batting: RHB Lee Mlak 0-0: Ball
1-0: Swinging Strike
1-1: Swinging Strike
1-2: Foul Ball, location: 2F
1-2: Ball
2-2: Ball
3-2: Strikes out looking
Batting: RHB Hamid Rutu 0-0: Ball
1-0: Ball
2-0: Foul Ball, location: 2F
2-1: SINGLE (Groundball, 6D, EV 97.5 MPH)
Jorge Miralles to second
Batting: RHB Ricardo Cantú 0-0: Ball
1-0: Swinging Strike
1-1: Ball
2-1: Fielders Choice at 2nd, 6-4 (Groundball, 6, EV 105.0 MPH)
Jorge Miralles to third
Batting: RHB Ernest Lesley 0-0: Ball
1-0: Ball
2-0: Ball
3-0: Called Strike
3-1: Fly out, F8 (Flyball, 89S, EV 86.2 MPH)
Bottom of the 3rd over - 0 runs, 2 hits, 0 errors, 2 left on base; Ladue 5 - Surprise 0
TOP OF THE 4TH
Ladue Rams batting - Pitching for Surprise Shockers : RHP Jorge Bigro
Batting: RHB Yong-hong Ren 0-0: Ball
1-0: Ground out 2-3 (Groundball, 13S, EV 70.6 MPH)
Batting: RHB Bobby Norris 0-0: Ball
1-0: Called Strike
1-1: Foul Ball, location: 2F
1-2: Strikes out swinging
Batting: SHB Diego Alejandro Secada 0-0: Called Strike
0-1: Foul Ball, location: 2F
0-2: Ball
1-2: Ball
2-2: DOUBLE (Flyball, 78XD, EV 108.1 MPH)
Pitching: RHP Ray Hart
Batting: LHB You-liang Yang 0-0: Ball
1-0: Ball
2-0: Ball
3-0: Fly out, F8 (Flyball, 8LD, EV 95.6 MPH)
Top of the 4th over - 0 runs, 1 hit, 0 errors, 1 left on base; Ladue 5 - Surprise 0
BOTTOM OF THE 4TH
Surprise Shockers batting - Pitching for Ladue Rams : RHP Jiao-long Yuen
Batting: RHB Charley Foijens 0-0: TRIPLE (Line Drive, 78XD, EV 105.0 MPH)
Batting: SHB Spencer Maddox 0-0: Called Strike
0-1: Swinging Strike
0-2: Fly out, F4 (Line Drive, 4, EV 72.5 MPH)
Batting: RHB Edgar López 0-0: Called Strike
0-1: Swinging Strike
0-2: Strikes out swinging
Batting: RHB Bob Byrd 0-0: Fly out, F6 (Popup, 6M, EV 48.8 MPH)
Bottom of the 4th over - 0 runs, 1 hit, 0 errors, 1 left on base; Ladue 5 - Surprise 0
TOP OF THE 5TH
Ladue Rams batting - Pitching for Surprise Shockers : RHP Ray Hart
Batting: RHB Jaime Burgos 0-0: Ball
1-0: Ball
2-0: Swinging Strike
2-1: Foul Ball, location: 2F
2-2: Foul Ball, location: 2F
2-2: Strikes out swinging
Batting: RHB Allan Callejo 0-0: Foul Ball, location: 2F
0-1: Ball
1-1: SINGLE (Line Drive, 78S, EV 98.1 MPH)
Batting: RHB Bastien Oudin 0-0: Ball
Allan Callejo is caught stealing 2nd base 2-4
1-0: Ground out 4-3 (Groundball, 4MD, EV 105.0 MPH)
Top of the 5th over - 0 runs, 1 hit, 0 errors, 0 left on base; Ladue 5 - Surprise 0
BOTTOM OF THE 5TH
Surprise Shockers batting - Pitching for Ladue Rams : RHP Jiao-long Yuen
Batting: RHB Jorge Miralles 0-0: Ball
1-0: SINGLE (Groundball, 4MD, EV 102.5 MPH)
Batting: RHB Lee Mlak 0-0: Ball
1-0: Called Strike
1-1: Called Strike
1-2: Strikes out swinging
Batting: RHB Hamid Rutu 0-0: Ball
1-0: Fly out, F9 (Flyball, 9, EV 91.2 MPH)
Batting: RHB Ricardo Cantú 0-0: Ball
1-0: Ball
2-0: Foul Ball, location: 2F
2-1: Swinging Strike
2-2: Ball
3-2: Strikes out looking
Bottom of the 5th over - 0 runs, 1 hit, 0 errors, 1 left on base; Ladue 5 - Surprise 0
TOP OF THE 6TH
Ladue Rams batting - Pitching for Surprise Shockers : RHP Ray Hart
Batting: RHB Justin Strong 0-0: Ball
1-0: Fly out, F9 (Flyball, 89D, EV 112.5 MPH)
Batting: LHB Pedro Marrero 0-0: Swinging Strike
0-1: Ball
1-1: Ball
2-1: DOUBLE (Line Drive, 9LM, EV 107.5 MPH)
Pitching: RHP Phil Waasdorp
Batting: RHB Yong-hong Ren 0-0: Called Strike
0-1: Ball
1-1: Ball
2-1: Called Strike
2-2: Strikes out looking
Batting: RHB Bobby Norris 0-0: Swinging Strike
0-1: Swinging Strike
0-2: Ball
1-2: Foul Ball, location: 2F
1-2: Foul Ball, location: 2F
1-2: Strikes out swinging
Top of the 6th over - 0 runs, 1 hit, 0 errors, 1 left on base; Ladue 5 - Surprise 0
BOTTOM OF THE 6TH
Surprise Shockers batting - Pitching for Ladue Rams : RHP Jiao-long Yuen
Batting: RHB Ernest Lesley 0-0: Ball
1-0: Swinging Strike
1-1: Foul Ball, location: 2F
1-2: Strikes out swinging
Batting: RHB Charley Foijens 0-0: Called Strike
0-1: Swinging Strike
0-2: Ball
1-2: Foul Ball, location: 2F
1-2: Ground out 5-3 (Groundball, 5S, EV 71.2 MPH)
Batting: SHB Spencer Maddox 0-0: Foul Ball, location: 2F
0-1: Ball
1-1: DOUBLE (Flyball, 89D, EV 99.4 MPH)
Batting: RHB Edgar López 0-0: Called Strike
0-1: Ball
1-1: Swinging Strike
1-2: Ball
2-2: Foul Ball, location: 2F
2-2: Strikes out swinging
Bottom of the 6th over - 0 runs, 1 hit, 0 errors, 1 left on base; Ladue 5 - Surprise 0
TOP OF THE 7TH
Ladue Rams batting - Pitching for Surprise Shockers : RHP Phil Waasdorp
Batting: SHB Diego Alejandro Secada 0-0: Fly out, F5 (Popup, 5SF, EV 73.1 MPH)
Batting: LHB You-liang Yang 0-0: Ball
1-0: Swinging Strike
1-1: Called Strike
1-2: Foul Ball, location: 2F
1-2: Strikes out swinging
Batting: RHB Jaime Burgos 0-0: Ball
1-0: Called Strike
1-1: Foul Ball, location: 2F
1-2: Ball
2-2: Foul Ball, location: 2F
2-2: Ball
3-2: Base on Balls
Batting: RHB Allan Callejo 0-0: Called Strike
Jaime Burgos is caught stealing 2nd base 2-4
Top of the 7th over - 0 runs, 0 hits, 0 errors, 0 left on base; Ladue 5 - Surprise 0
BOTTOM OF THE 7TH
Surprise Shockers batting - Pitching for Ladue Rams : RHP Jiao-long Yuen
Batting: RHB Bob Byrd 0-0: Ball
1-0: Called Strike
1-1: Foul Ball, location: 2F
1-2: Strikes out swinging
Batting: RHB Jorge Miralles 0-0: Ball
1-0: Called Strike
1-1: Ball
2-1: Fly out, F9 (Line Drive, 9D, EV 92.5 MPH)
Batting: RHB Lee Mlak 0-0: Ball
1-0: SINGLE (Line Drive, 3D, EV 99.4 MPH)
Batting: RHB Hamid Rutu 0-0: Foul Ball, location: 2F
0-1: Ball
1-1: Foul Ball, location: 2F
1-2: Strikes out looking
Bottom of the 7th over - 0 runs, 1 hit, 0 errors, 1 left on base; Ladue 5 - Surprise 0
TOP OF THE 8TH
Ladue Rams batting - Pitching for Surprise Shockers : RHP Phil Waasdorp
Batting: RHB Allan Callejo 0-0: Foul Ball, location: 2F
0-1: Ball
1-1: Foul Ball, location: 2F
1-2: Ball
2-2: Strikes out swinging
Batting: RHB Bastien Oudin 0-0: Ball
1-0: Foul Ball, location: 2F
1-1: Called Strike
1-2: Strikes out swinging
Batting: RHB Justin Strong 0-0: Ball
1-0: Ball
2-0: Swinging Strike
2-1: Foul Ball, location: 2F
2-2: Strikes out swinging
Top of the 8th over - 0 runs, 0 hits, 0 errors, 0 left on base; Ladue 5 - Surprise 0
BOTTOM OF THE 8TH
Surprise Shockers batting - Pitching for Ladue Rams : RHP Jiao-long Yuen
Batting: RHB Ricardo Cantú 0-0: Ball
1-0: Ball
2-0: Called Strike
2-1: Foul Ball, location: 2F
2-2: Ball
3-2: Reached on error, E5 (Groundball, 5, EV 87.5 MPH)
Pitching: RHP Jimmy Lemaître
Batting: RHB Ernest Lesley 0-0: Called Strike
0-1: Ball
1-1: SINGLE (Line Drive, 6D, EV 95.0 MPH)
Ricardo Cantú to third
Pitching: LHP Dylan Mugglestone
Batting: RHB Charley Foijens 0-0: Called Strike
0-1: Ball
1-1: Foul Ball, location: 2F
1-2: Strikes out looking
Batting: SHB Spencer Maddox 0-0: Fly out, F8 (Flyball, 8LXD, EV 105.6 MPH)
Runner from 3rd tags up, SCORES, no throw by CF
Batting: RHB Edgar López 0-0: Ball
1-0: Called Strike
1-1: Ball
2-1: Called Strike
2-2: Ball
3-2: Strikes out swinging, 2-3 out at first.
Bottom of the 8th over - 1 run, 1 hit, 1 error, 1 left on base; Ladue 5 - Surprise 1
TOP OF THE 9TH
Ladue Rams batting - Pitching for Surprise Shockers : RHP Phil Waasdorp
Pitching: RHP Claude Khatoon
Batting: LHB Pedro Marrero 0-0: Ground out 2-3 (Groundball, 15S, EV 74.4 MPH)
Batting: RHB Yong-hong Ren 0-0: Foul Ball, location: 2F
0-1: DOUBLE (Line Drive, 7LM, EV 111.9 MPH)
Batting: RHB Bobby Norris 0-0: Called Strike
0-1: Ball
1-1: Called Strike
1-2: Foul Ball, location: 2F
1-2: Ball
2-2: Strikes out looking
Batting: SHB Diego Alejandro Secada 0-0: Fly out, F9 (Flyball, 89D, EV 89.4 MPH)
Top of the 9th over - 0 runs, 1 hit, 0 errors, 1 left on base; Ladue 5 - Surprise 1
BOTTOM OF THE 9TH
Surprise Shockers batting - Pitching for Ladue Rams : LHP Dylan Mugglestone
Batting: RHB Bob Byrd 0-0: Ball
1-0: Foul Ball, location: 2F
1-1: Ground out 6-3 (Groundball, 6, EV 83.8 MPH)
Batting: RHB Jorge Miralles 0-0: Ball
1-0: Called Strike
1-1: Ball
2-1: Ball
3-1: Foul Ball, location: 2F
3-2: Strikes out swinging
Batting: RHB Lee Mlak 0-0: Called Strike
0-1: Ball
1-1: Called Strike
1-2: Ball
2-2: Foul Ball, location: 2F
2-2: Strikes out looking
Bottom of the 9th over - 0 runs, 0 hits, 0 errors, 0 left on base; Ladue 5 - Surprise 1
Friday, April 17th, 2020 - OOTP Baseball 20.8 Build 74